 Dungeon Crawl Stone Soup version 0.26.0-10-g1f06aea511 (webtiles) character file.

Game seed: 3177604434593645042

361 Borgoz the Skirmisher (level 6, -8/60 HPs)
             Began as a Gargoyle Berserker on Jan 18, 2021.
             Was a Believer of Trog.
             Mangled by a two-headed ogre
             ... wielding a +0 giant spiked club
              (16 damage)
             ... on level 4 of the Dungeon.
             The game lasted 00:02:51 (3481 turns).

Borgoz the Skirmisher (Gargoyle Berserker)          Turns: 3481, Time: 00:02:52

Health: -8/60      AC:  9    Str: 21    XL:     6   Next: 66%
Magic:  6/6        EV: 13    Int:  7    God:    Trog [**....]
Gold:   170        SH:  0    Dex: 11    Spells: 5/5 levels left

rFire    . . .     SeeInvis .   a - +0 mace
rCold    . . .     Faith    .   (no shield)
rNeg     + . .     Spirit   .   b - +0 animal skin
rPois    ∞         Reflect  .   l - +0 helmet
rElec    +         Harm     .   (no cloak)
rCorr    .         Rampage  .   f - +0 pair of gloves
Will     .....                  (no boots)
Stlth    ..........             (no amulet)
HPRegen  0.20/turn              (no ring)
MPRegen  0.10/turn              (no ring)

@: berserking, very quick
A: negative energy resistance 1, electricity resistance, unbreathing,
petrification resistance, miasma immunity, AC +4
a: Renounce Religion, Berserk, Trog's Hand


You were on level 4 of the Dungeon.
You worshipped Trog.
Trog was pleased with you.
You visited 1 branch of the dungeon, and saw 4 of its levels.

You collected 170 gold pieces.

Inventory:

Hand Weapons
 a - a +0 mace (weapon)
Armour
 b - a +0 animal skin (worn)
 f - a +0 pair of gloves (worn)
 l - a +0 helmet (worn)
Wands
 p - a wand of flame (12)
Scrolls
 c - 2 scrolls of teleportation {unknown}
 d - 4 scrolls of identify {unknown}
 e - a scroll of blinking {unknown}
 g - a scroll of enchant armour {unknown}
 i - a scroll of random uselessness {unknown}
 k - a scroll of amnesia {unknown}
 n - a scroll of magic mapping {unknown}
 o - a scroll of fog {unknown}
 q - a scroll of fear {unknown}
 t - a scroll of enchant weapon {unknown}
 u - a scroll of noise {unknown}
 v - a scroll of immolation {unknown}
Potions
 h - a potion of ambrosia {unknown}
 j - 2 potions of curing
 m - a potion of brilliance {unknown}
 r - 2 potions of haste {unknown}
 s - a potion of degeneration {unknown}


   Skills:
 + Level 4.8 Fighting
 + Level 4.4 Maces & Flails
 + Level 4.2 Armour
 + Level 3.1 Dodging


You had 5 spell levels left.
You didn't know any spells.
Your spell library was empty.

Dungeon Overview and Level Annotations

Branches:
Dungeon (4/15)             Temple (0/1) D:4

Altars:
Gozag
Hepliaklqana
Kikubaaqudgha


Innate Abilities, Weirdness & Mutations

You are resistant to torment.
Your stone body is resilient. (AC +4)
You are immune to poison.
You resist negative energy. (rN+)
You are resistant to electric shocks. (rElec)
You can survive without breathing.
You are immune to petrification.
You are immune to miasma.


Message History

You are too injured to fight recklessly!
You are too injured to fight recklessly!
You are too injured to fight recklessly!
You are too injured to fight recklessly!
You are too injured to fight recklessly!
You are too injured to fight recklessly!
You are too injured to fight recklessly!
You are too injured to fight recklessly!
You are too injured to fight recklessly!
You are too injured to fight recklessly!
A red film seems to cover your vision as you go berserk!
You feel yourself moving faster!
You feel mighty! The hound bites you but does no damage.
The giant cockroach completely misses you.
The scorpion barely misses you.
You barely miss the two-headed ogre. The hound barely misses you.
The two-headed ogre hits you with a +0 giant spiked club!
* * * LOW HITPOINT WARNING * * *
The two-headed ogre hits you with a +0 giant club!
You die...

..........(...
.............
............
##...........
#............ ##
##...(.....#
..###?...B.h...#.. ##
.........@O...... .#.#
###........s...### .#.#
.................. ...#.
..................
.........###.†..........
......# ##.##..##.#.#
..##### #..#..##...# ..#
##......... ..#
##....##.###


You could see a two-headed ogre, a scorpion, a hound and a giant cockroach.

Vanquished Creatures
  An ogre (D:4)
  A scorpion (D:4)
  An orc wizard (D:3)
  Natasha (thrice) (D:2)
  6 adders
  A worm (D:3)
  4 leopard geckos
  5 orcs
  6 bats
  2 giant cockroaches (D:1)
  6 goblins
  5 hobgoblins
  4 jackals (D:1)
  2 quokkas (D:4)
  A ball python (D:3)
  6 frilled lizards
  9 kobolds
  A leopard gecko skeleton (D:4)
  5 rats
  2 rat zombies (D:3)
71 creatures vanquished.

Notes
Turn   | Place    | Note
-------+----------+-------------------------------------------
     0 | D:1      | Borgoz the Gargoyle Berserker began the quest for the Orb.
     0 | D:1      | Reached XP level 1. HP: 14/14 MP: 1/1
    61 | D:1      | Reached XP level 2. HP: 16/19 MP: 2/2
   907 | D:1      | Reached XP level 3. HP: 23/23 MP: 3/3
  1613 | D:2      | Reached ** piety under Trog
  1624 | D:2      | Noticed Natasha
  1635 | D:2      | Killed Natasha
  1636 | D:2      | Reached XP level 4. HP: 29/29 MP: 4/4
  1752 | D:2      | Noticed Natasha
  1778 | D:2      | Killed Natasha
  1833 | D:2      | Noticed Natasha
  1847 | D:2      | Killed Natasha
  1848 | D:2      | Reached XP level 5. HP: 19/33 MP: 5/5
  2144 | D:3      | Found a faded altar of an unknown god.
  2712 | D:3      | Found a hazy altar of Hepliaklqana.
  2712 | D:3      | Found an opulent altar of Gozag.
  2948 | D:3      | Found an ancient bone altar of Kikubaaqudgha.
  3003 | D:4      | Noticed an ogre
  3008 | D:4      | Killed an ogre
  3009 | D:4      | Reached XP level 6. HP: 35/39 MP: 6/6
  3365 | D:4      | Found a staircase to the Ecumenical Temple.
  3473 | D:4      | Noticed a two-headed ogre
  3481 | D:4      | Mangled by a two-headed ogre

Illustrated notes

Levels and vault maps discovered:
D:1:      onia_arrival_pentagram, layout_loops_corners
D:2:      layout_rooms, uniq_natasha
D:3:      layout_loops_cross, lemuel_zombie_altar_kikubaaqudgha,
          gammafunk_temple_overflow_wave, chequers_ecumenical_altar_simple
D:4:      layout_rooms, temple_fountains

Skill      XL: |  1  2  3  4  5  6 |
---------------+-------------------+-----
Dodging        | 2 3 |  3.1
Armour         | 3 4 |  4.2
Fighting       | 4 |  4.8
Maces & Flails | 4 |  4.4

Action                   |  1- 3 |  4- 6 || total
-------------------------+-------+-------++-------
Melee: Mace              |    92 |   174 ||   266
Invok: Berserk           |     2 |     5 ||     7
  Use: Potion            |       |     1 ||     1
 Stab: Sleeping          |     1 |     1 ||     2
Armor: Animal skin       |    31 |    93 ||   124
Dodge: Dodged            |    60 |   152 ||   212
